 Dungeon Crawl Stone Soup version 0.27-a0-1189-gb8eb6cee8e (webtiles) character file.

Game seed: 16840025255451038709

493 Gargoyl the Skirmisher (level 7, -1/90 HPs)
             Began as a Gnoll Abyssal Knight on May 23, 2021.
             Was a Priest of Lugonu.
             Slain by an orc
             ... wielding a +0 club
              (3 damage)
             ... on level 4 of the Dungeon.
             The game lasted 00:05:29 (3990 turns).

Gargoyl the Skirmisher (Gnoll Abyssal Knight)       Turns: 3990, Time: 00:05:29

Health: -1/90      AC:  7    Str: 13    XL:     7   Next: 15%
Magic:  10/10      EV: 12    Int: 12    God:    Lugonu [***...]
Gold:   200        SH:  0    Dex: 17    Spells: 10/10 levels left

rFire    . . .     SeeInvis .   a - +2 hand axe (flame)
rCold    . . .     Faith    .   (no shield)
rNeg     . . .     Spirit   .   e - +0 ring mail
rPois    .         Reflect  .   j - +0 helmet
rElec    .         Harm     .   (no cloak)
rCorr    .         Rampage  .   (no gloves)
Will     .....                  (no boots)
Stlth    ..........             (no amulet)
HPRegen  0.25/turn              c - +6 ring of dexterity
MPRegen  0.12/turn              (no ring)

@: berserking, very quick
A: fangs 1, strong nose, distributed training
a: Renounce Religion, Depart the Abyss, Bend Space, Banish


You were on level 4 of the Dungeon.
You worshipped Lugonu.
Lugonu was most pleased with you.
You visited 1 branch of the dungeon, and saw 4 of its levels.
You visited the Abyss 1 time.

You collected 200 gold pieces.

Inventory:

Hand Weapons
 a - a +2 hand axe of flaming (weapon)
Armour
 e - a +0 ring mail (worn)
 j - a +0 helmet (worn)
Jewellery
 c - a +6 ring of dexterity (left hand)
 l - a +6 ring of dexterity
Scrolls
 b - a scroll of blinking {unknown}
 d - 2 scrolls of teleportation {unknown}
 h - a scroll of fog
 i - a scroll of acquirement {unknown}
 k - a scroll of silence {unknown}
 m - a scroll of identify
 p - a scroll of magic mapping {unknown}
 q - a scroll of amnesia {unknown}
Potions
 f - a potion of flight {unknown}
 n - a potion of resistance {unknown}


   Skills:
 + Level 7.0 Fighting
 + Level 2.3 Short Blades
 + Level 2.3 Long Blades
 + Level 5.1 Axes
 + Level 2.3 Maces & Flails
 + Level 2.3 Polearms
 + Level 2.3 Staves
 + Level 2.3 Slings
 + Level 2.3 Bows
 + Level 2.3 Crossbows
 + Level 2.3 Throwing
 + Level 5.1 Armour
 + Level 3.5 Dodging
 + Level 2.3 Stealth
 + Level 2.3 Shields
 + Level 2.3 Unarmed Combat
 + Level 2.3 Spellcasting
 + Level 1.8 Conjurations
 + Level 1.8 Hexes
 + Level 1.8 Summonings
 + Level 1.8 Necromancy
 + Level 1.8 Translocations
 + Level 1.8 Transmutations
 + Level 1.8 Fire Magic
 + Level 1.8 Ice Magic
 + Level 1.8 Air Magic
 + Level 1.8 Earth Magic
 + Level 1.8 Poison Magic
 + Level 5.3 Invocations
 + Level 2.3 Evocations


You had 10 spell levels left.
You didn't know any spells.
Your spell library contained the following spells:

 Spells                   Type           Power      Damage    Failure   Level
 Sting                    Tmut/Pois      20%        1d4       24%         1
 Poisonous Vapours        Pois/Air       10%        N/A       36%         2
 Ignite Poison            Fire/Tmut/Pois 5%         N/A       58%         3
 Mephitic Cloud           Conj/Pois/Air  5%         N/A       58%         3
 Olgreb's Toxic Radiance  Pois           5%         N/A       94%         4


Dungeon Overview and Level Annotations

Branches:
Dungeon (4/15)
 Temple: D:4-7

Altars:
Cheibriados
Dithmenos
Elyvilon
Gozag
Hepliaklqana
Kikubaaqudgha
Trog
Uskayaw
Yredelemnul
Zin
The Shining One

Shops:
D:3 (


Innate Abilities, Weirdness & Mutations

You have very sharp teeth.
Your uncanny sense of smell can sniff out nearby items.
Your experience applies equally to all skills.


Message History

The gnoll closely misses you. The gnoll hits you with a +0 whip!
The orc hits you but does no damage.
The gnoll shaman calls upon its god to speed up the gnoll.
The gnoll seems to speed up.
The gnoll closely misses you.
Things that are here:
a +0 club; an amulet of faith Unknown command.
You hit the orc. You burn the orc.
You kill the orc!
Lugonu accepts your kill.
You hit the gnoll. You burn the gnoll. You hit the gnoll shaman.
You burn the gnoll shaman. The gnoll closely misses you. x2
The gnoll shaman hits you with a +0 club!
The gnoll hits you with a +0 whip.
* * * LOW HITPOINT WARNING * * *
You hit the orc. You burn the orc.
The orc is heavily wounded.
You slash the gnoll shaman! You burn the gnoll shaman.
You hit the gnoll but do no damage. The gnoll closely misses you.
The gnoll barely misses you. The orc closely misses you.
The gnoll barely misses you.
The gnoll shaman hits you but does no damage.
The gnoll hits you with a +0 whip.
* * * LOW HITPOINT WARNING * * *
You hit the orc but do no damage. You punch the orc, but do no damage.
Your bite misses the orc.
The orc is heavily wounded.
You hit the gnoll shaman. You burn the gnoll shaman.
You closely miss the gnoll.
The gnoll hits you from afar with a +0 spear.
* * * LOW HITPOINT WARNING * * *
The orc completely misses you. The gnoll hits you with a +0 whip.
* * * LOW HITPOINT WARNING * * *
The gnoll shaman misses you. The gnoll barely misses you.
A red film seems to cover your vision as you go berserk!
You feel yourself moving faster!
You feel mighty! The gnoll hits you with a +0 whip.
* * * LOW HITPOINT WARNING * * *
The orc hits you with a +0 club.
You die...

###...#.#
#.......#
#.####.## #
#...##..#
#..#.####.###.#
#.............#
..####.####..#
##g.g..##..#
#.).@...#..#
#..go...#..#
#....(._......#
....#.......#..#
##).#.......#..#
#. ##.....## .#
# ###.### ..(


You could see a gnoll shaman, 2 gnolls and an orc.

Vanquished Creatures
  Edmund (D:4)
  A scorpion (D:3)
  A centaur zombie (D:3)
  An orc priest (D:4)
  A hound (D:3)
  A bullfrog skeleton (D:4)
  An orc wizard (D:3)
  Robin (D:2)
  4 adders
  A gnoll (D:4)
  3 worms (D:3)
  11 orcs
  8 ball pythons
  10 bats
  3 endoplasms
  2 giant cockroaches (D:1)
  13 goblins
  9 hobgoblins
  4 jackals
  8 kobolds
  4 quokkas
  4 frilled lizards
  6 rats
98 creatures vanquished.

Vanquished Creatures (others)
  An orc (D:3)
  A plant (D:3)
2 creatures vanquished.

Grand Total: 100 creatures vanquished

Notes
Turn   | Place    | Note
-------+----------+-------------------------------------------
     0 | Abyss:1  | Gargoyl the Gnoll Abyssal Knight began the quest for the
                  | Orb.
     0 | Abyss:1  | Reached XP level 1. HP: 23/23 MP: 3/3
     2 | Abyss:1  | Found a corrupted altar of Lugonu.
   171 | Abyss:1  | Noticed a wretched star
   172 | D:1      | Escaped the Abyss
   280 | D:1      | Reached * piety under Lugonu
   319 | D:1      | Reached XP level 2. HP: 26/29 MP: 5/5
   771 | D:1      | Reached XP level 3. HP: 35/35 MP: 6/6
   868 | D:1      | Found a faded altar of an unknown god.
  1082 | D:2      | Reached ** piety under Lugonu
  1424 | D:2      | Reached skill level 1 in Short Blades
  1424 | D:2      | Reached skill level 1 in Long Blades
  1424 | D:2      | Reached skill level 1 in Maces & Flails
  1424 | D:2      | Reached skill level 1 in Polearms
  1424 | D:2      | Reached skill level 1 in Staves
  1424 | D:2      | Reached skill level 1 in Slings
  1424 | D:2      | Reached skill level 1 in Bows
  1424 | D:2      | Reached skill level 1 in Crossbows
  1424 | D:2      | Reached skill level 1 in Throwing
  1424 | D:2      | Reached skill level 1 in Stealth
  1424 | D:2      | Reached skill level 1 in Shields
  1424 | D:2      | Reached skill level 1 in Unarmed Combat
  1424 | D:2      | Reached skill level 1 in Spellcasting
  1424 | D:2      | Reached skill level 1 in Evocations
  1424 | D:2      | Reached XP level 4. HP: 39/41 MP: 7/7
  1503 | D:2      | Noticed Robin
  1530 | D:2      | Killed Robin
  2004 | D:3      | Reached skill level 1 in Conjurations
  2004 | D:3      | Reached skill level 1 in Hexes
  2004 | D:3      | Reached skill level 1 in Summonings
  2004 | D:3      | Reached skill level 1 in Necromancy
  2004 | D:3      | Reached skill level 1 in Translocations
  2004 | D:3      | Reached skill level 1 in Transmutations
  2004 | D:3      | Reached skill level 1 in Fire Magic
  2004 | D:3      | Reached skill level 1 in Ice Magic
  2004 | D:3      | Reached skill level 1 in Air Magic
  2004 | D:3      | Reached skill level 1 in Earth Magic
  2004 | D:3      | Reached skill level 1 in Poison Magic
  2004 | D:3      | Reached XP level 5. HP: 42/47 MP: 8/8
  2061 | D:3      | Found Zoruxif's Antique Weapon Shoppe.
  2071 | D:3      | Found a snail-covered altar of Cheibriados.
  2348 | D:3      | Found an ancient bone altar of Kikubaaqudgha.
  2395 | D:3      | Reached skill level 5 in Invocations
  2395 | D:3      | Reached XP level 6. HP: 32/53 MP: 9/9
  2559 | D:3      | Found a white marble altar of Elyvilon.
  2671 | D:3      | Found a glowing golden altar of the Shining One.
  2734 | D:3      | Found a faded altar of an unknown god.
  2735 | D:3      | Found a faded altar of an unknown god.
  2736 | D:3      | Found a hazy altar of Hepliaklqana.
  2971 | D:3      | Found a basalt altar of Yredelemnul.
  3002 | D:3      | Reached *** piety under Lugonu
  3150 | D:3      | Found a hide-covered altar of Uskayaw.
  3197 | D:3      | Found a glowing silver altar of Zin.
  3396 | D:4      | Reached skill level 5 in Axes
  3396 | D:4      | Reached skill level 5 in Armour
  3674 | D:4      | Found an opulent altar of Gozag.
  3674 | D:4      | Found a shadowy altar of Dithmenos.
  3739 | D:4      | Noticed Edmund
  3758 | D:4      | HP: 2/53 [something (4)]
  3772 | D:4      | Killed Edmund
  3773 | D:4      | Reached XP level 7. HP: 42/59 MP: 10/10
  3978 | D:4      | Found a bloodstained altar of Trog.
  3986 | D:4      | Reached skill level 7 in Fighting
  3990 | D:4      | HP: 2/90 [gnoll/+0 whip (5)]
  3990 | D:4      | Slain by an orc

Illustrated notes

Levels and vault maps discovered:
D:1:      dpeg_arrival_tiny_i, layout_basic, basic_ecumenical_altar,
          minmay_splitting_lines
D:2:      layout_basic, uniq_robin
D:3:      layout_basic, kennysheep_ying_yang, zin_treasury,
          amcnicky_altar_gilded, slow_altar_1,
          nicolae_hepliaklqana_ecumenical_no_more,
          eat_drink_and_be_merry_uskayaw, tso_altar, serial_shops,
          nicolae_shop_statue_plus
D:4:      layout_basic, chequers_temple_overflow_statue_of_worship,
          old_standard_altar, uniq_edmund, uniq_duvessa, uniq_blork_the_orc,
          uniq_ijyb

Skill      XL: |  1  2  3  4  5  6  7 |
---------------+----------------------+-----
Short Blades   | 1 2 |  2.3
Long Blades    | 1 2 |  2.3
Maces & Flails | 1 2 |  2.3
Polearms       | 1 2 |  2.3
Staves         | 1 2 |  2.3
Slings         | 1 2 |  2.3
Bows           | 1 2 |  2.3
Crossbows      | 1 2 |  2.3
Throwing       | 1 2 |  2.3
Stealth        | 1 2 |  2.3
Shields        | 1 2 |  2.3
Unarmed Combat | 1 2 |  2.3
Spellcasting   | 1 2 |  2.3
Evocations     | 1 2 |  2.3
Conjurations   | 1 |  1.8
Hexes          | 1 |  1.8
Summonings     | 1 |  1.8
Necromancy     | 1 |  1.8
Translocations | 1 |  1.8
Transmutations | 1 |  1.8
Fire Magic     | 1 |  1.8
Ice Magic      | 1 |  1.8
Air Magic      | 1 |  1.8
Earth Magic    | 1 |  1.8
Poison Magic   | 1 |  1.8
Dodging        | 3 |  3.5
Invocations    | 5 |  5.3
Axes           | 5 |  5.1
Armour         | 5 |  5.1
Fighting       | 7 |  7.0

Action                   |  1- 3 |  4- 6 |  7- 9 || total
-------------------------+-------+-------+-------++-------
Melee: Hand axe          |    99 |   161 |     7 ||   267
       Bite              |     6 |    12 |       ||    18
       Punch             |       |     2 |     2 ||     4
Invok: Depart the Abyss  |     1 |       |       ||     1
  Use: Scroll            |     4 |       |       ||     4
       Potion            |       |     5 |     1 ||     6
 Stab: Sleeping          |     2 |       |       ||     2
Armor: Leather armour    |    23 |       |       ||    23
       Ring mail         |    30 |    72 |     5 ||   107
Dodge: Dodged            |    89 |    86 |    20 ||   195

Table legend: (Time is in decaauts)
 A = Elapsed time spent in this place.
 B = Non-inter-level travel time spent in this place.
 C = Inter-level travel time spent in this place.
 D = Time resting spent in this place.
 E = Time spent auto-exploring this place.
 F = Levels seen in this place.
 G = Mean time per level.
                   A        B        C        D        E       F      G
               +--------+--------+--------+--------+--------+-----+--------+
         Total |   4012 |   3927 |     85 |      0 |   3204 |   5 |  802.4 |
       Dungeon |   3840 |   3755 |     85 |      0 |   3036 |   4 |  960.0 |
         Abyss |    172 |    172 |      0 |      0 |    168 |   1 |  172.0 |
               +--------+--------+--------+--------+--------+-----+--------+

Top non-repeatable levels by time:
     D:3: 1395 daAuts
     D:2: 909 daAuts
     D:1: 904 daAuts
     D:4: 631 daAuts
 Abyss:1: 172 daAuts
